 Dungeon Crawl Stone Soup version 0.17.0-24-gcfadda4 (console) character file.

30238 Kloppie the Frost Mage (level 13, -11/92 HPs)
             Began as a High Elf Ice Elementalist on Nov 15, 2015.
             Was an Elder of Vehumet.
             Mangled by Snorg (20 damage)
             ... on level 7 of the Lair of Beasts.
             The game lasted 01:17:32 (23326 turns).

Kloppie the Frost Mage (High Elf Ice Elementalist) Turns: 23326, Time: 01:17:33

Health: -11/92     AC: 21    Str:  7    XL:     13   Next: 19%
Magic:  1/33       EV: 19    Int: 26    God:    Vehumet [****..]
Gold:   980        SH:  0    Dex: 15    Spells: 8 memorised, 0 levels left

rFire  . . .     SeeInvis .     n - +2 quarterstaff (distort)
rCold  . . .     Clarity  .     a - +0 robe
rNeg   . . .     SustAt   .     (shield currently unavailable)
rPois  .         Gourm    .     h - +1 helmet
rElec  .         Spirit   .     t - +2 cloak
rCorr  .         Warding  .     V - +0 pair of gloves
rMut   .         Stasis   .     J - +0 pair of boots
MR     +....                    H - amulet of regeneration
Stlth  +++.......               g - ring of magical power
                                Q - ring of wizardry

@: icy armour, somewhat resistant to hostile enchantments, fairly stealthy
A: iridescent scales 1
a: Renounce Religion


You were on level 7 of the Lair of Beasts.
You worshipped Vehumet.
Vehumet was greatly pleased with you.
You were not hungry.

You visited 3 branches of the dungeon, and saw 17 of its levels.
You also visited: Labyrinth and Ossuary.

You collected 1190 gold pieces.
You spent 210 gold pieces at shops.

Inventory:

Hand Weapons
 n - a +2 quarterstaff of distortion (weapon)
Armour
 a - a +0 robe (worn)
 h - a +1 helmet (worn)
 t - a +2 cloak (worn)
 J - a +0 pair of boots (worn)
 V - a +0 pair of gloves (worn)
Magical Staves
 W - an uncursed staff of power
Jewellery
 g - a ring of magical power (right hand)
 H - an amulet of regeneration (around neck)
 I - an uncursed ring of protection from cold
 K - the ring "Zyphuo Rerph" {rN+ Str+3}
   (You found it on level 8 of the Dungeon)

   [ring of positive energy]

   It affects your strength (+3).
   It protects you from negative energy.
 O - an uncursed ring of wizardry
 Q - a ring of wizardry (left hand)
 S - an uncursed ring of flight
 X - an uncursed ring of teleportation
Wands
 b - a wand of fire (11)
 f - a wand of disintegration (7)
 u - a wand of digging (7)
 x - a wand of polymorph (12)
 y - a wand of invisibility (3)
 B - a wand of digging (10)
 U - a wand of digging (22)
Scrolls
 d - a scroll of identify
 j - a scroll of magic mapping
 q - 5 scrolls of teleportation
 G - 6 scrolls of remove curse
 M - a scroll of enchant weapon
 P - a scroll of fog
 R - a scroll of vulnerability {unknown}
Potions
 e - 2 potions of magic
 k - 2 potions of invisibility {unknown}
 l - 5 potions of haste
 m - a potion of lignification
 o - a potion of brilliance
 r - 3 potions of flight {unknown}
 s - 7 potions of poison {unknown}
 v - a potion of experience {unknown}
 w - 3 potions of might
 z - 2 potions of heal wounds
 A - 3 potions of mutation {unknown}
 C - 5 potions of curing
 D - 3 potions of cancellation {unknown}
 E - a potion of ambrosia {unknown}
 F - 3 potions of agility {unknown}
Books
 N - a book of Necromancy

   Spells                             Type                      Level
   a - Pain                           Necromancy                   1
   b - Animate Skeleton               Necromancy                   1
   c - Vampiric Draining              Necromancy                   3
   d - Regeneration                   Charms/Necromancy            3
   e - Animate Dead                   Necromancy                   4
   f - Control Undead                 Necromancy                   4
 T - a book of Summonings

   Spells                             Type                      Level
   a - Recall                         Summoning/Translocation      3
   b - Aura of Abjuration             Summoning                    5
   c - Shadow Creatures               Summoning                    5
   d - Summon Demon                   Summoning                    5
   e - Summon Forest                  Summoning/Translocation      5
   f - Summon Mana Viper              Hexes/Summoning              5
Comestibles
 c - 3 bread rations
 i - 15 fruits
 p - 5 meat rations
 L - 8 chunks of flesh


   Skills:
 - Level 10.0 Fighting
 - Level 7.2 Staves
 - Level 11.0 Dodging
 + Level 3.6 Stealth
 - Level 6.9 Spellcasting
 - Level 6.7 Conjurations
 - Level 5.1 Summonings
 + Level 12.6 Ice Magic


You couldn't memorise any spells.
You knew the following spells:

 Your Spells              Type           Power        Failure   Level  Hunger
a - Freeze                Ice            ####         1%          1    None
b - Throw Frost           Conj/Ice       ######       1%          2    None
c - Ozocubu's Armour      Chrm/Ice       #####...     1%          3    None
d - Summon Ice Beast      Ice/Summ       ######..     1%          4    ###....
e - Sting                 Conj/Pois      ####         1%          1    None
f - Throw Icicle          Conj/Ice       ######..     1%          4    ###....
g - Condensation Shield   Ice            ######....   1%          4    ###....
h - Freezing Cloud        Conj/Ice/Air   #####.....   13%         6    ######.


Dungeon Overview and Level Annotations

Branches:
Dungeon (9/15)             Temple (1/1) D:4            Lair (7/8) D:9
  Swamp (0/4) Lair:4        Snake (0/4) Lair:4        Slime (0/6) Lair:6
    Orc (0/4) D:9

Altars:
Ashenzari
Cheibriados
Dithmenos
Elyvilon
Fedhas
Gozag
Kikubaaqudgha
Makhleb
Nemelex Xobeh
Okawaru
Qazlal
Ru
Sif Muna
Trog
Vehumet
Xom
Yredelemnul
Zin
The Shining One
Jiyva

Shops:
D:5 %   D:9 %!%:(

Annotations:
D:3 exclusion: sky beast
D:4 exclusion: phantom, Sigmund
D:5 exclusion: ogre
D:7 Ohli's ghost, novice DsBe
Lair:2 Nergalle
Lair:5 Rupert; Zeloya's ghost, journeyman KoAs
Lair:6 exclusion: oklob plant
Lair:7 Snorg


Innate Abilities, Weirdness & Mutations

You are partially covered in iridescent scales (AC +4).


Message History

Casting: Throw Icicle
Confirm with . or Enter, or press ? or * to list all spells.
Aiming: Throw Icicle
Press: ? - help, Shift-Dir - straight line, f/p - Snorg
Aim: Snorg (heavily wounded, berserk, fast, unusually strong)
The shard of ice hits Snorg.
Snorg is severely wounded.
Snorg closely misses you. Snorg completely misses you. Snorg claws you!
* * * LOW HITPOINT WARNING * * *
You thump Snorg!
Space bends around Snorg.
Snorg is severely wounded.
Snorg bites you.
* * * LOW HITPOINT WARNING * * *
Snorg barely misses you. Snorg claws you but does no damage. Snorg bites you!!
* * * LOW HITPOINT WARNING * * *
Snorg completely misses you. Snorg claws you but does no damage.
You sock Snorg!
Space bends around Snorg.
Snorg is severely wounded.
Snorg bites you!!
You die...

... ..... #.P... ###
##..... #.###........
#####.P.#...#...##. .
#..#PP.....(#......
...######.......P...#......
..P..P..#T@.........#......
P...........P#.##..........
.............####P...(.....
.............# ##.........
..............P# #.........
................###........
...............####.#####.#
...........................
...................#......P


You could see Snorg (berserk).

Vanquished Creatures
  A minotaur (Lab)
  A catoblepas (Lair:7)
  A hydra (Lair:5)
  A death yak (Lair:6)
  Pikel (D:9)
  A griffon (Lair:5)
  10 elephants
  13 spiny frogs
  2 black mambas
  8 komodo dragons
  2 fire drakes
  A spriggan druid (Lair:6)
  3 blink frogs
  14 yaks
  2 basilisks (Lair:4)
  6 hippogriffs
  A hungry ghost (Lab)
  Menkaure (D:7)
  2 nagas (Lair:4)
  Edmund (D:6)
  9 water moccasins
  12 wolves
  Duvessa (D:7)
  A black bear (Lair:6)
  13 porcupines
  A slave (D:9)
  A sky beast (D:5)
  3 orc warriors
  A phantom (D:6)
  A necrophage (D:8)
  An ice beast (D:6)
  14 crocodiles
  A gnoll sergeant (D:8)
  2 big kobolds
  A centaur (D:8)
  15 giant frogs
  3 water moccasin zombies (Ossuary)
  2 scorpions
  4 killer bees (D:9)
  A jelly (D:5)
  A crimson imp (D:3)
  2 centaur zombies
  2 giant frog zombies
  8 hounds
  Crazy Yiuf (D:4)
  2 centaur skeletons
  A giant frog skeleton (D:5)
  4 orc wizards
  A worker ant (D:8)
  9 iguanas
  2 big kobold zombies (Ossuary)
  A killer bee zombie (D:8)
  A hound skeleton (D:8)
  2 mummies (Ossuary)
  9 adders
  11 gnolls
  2 shadow imps
  12 river rats
  7 adder zombies
  2 worms (D:2)
  6 giant geckos
  17 orcs
  3 ball pythons
  11 bats
  7 giant cockroaches
  3 gnoll zombies (Ossuary)
  6 goblins
  7 hobgoblins
  13 jackals
  A quokka (D:6)
  A giant cockroach zombie (D:5)
  5 giant newts
  7 hobgoblin zombies (Ossuary)
  12 kobolds
  A kobold zombie (Ossuary)
  4 orc zombies (Ossuary)
  12 rats
355 creatures vanquished.

Vanquished Creatures (collateral kills)
  A death yak (Lair:6)
  A troll (D:9)
  8 blink frogs
  4 yaks
  4 wolves (Lair:1)
  4 hungry ghosts
  2 ogres
  Dowan (D:7)
  A killer bee (D:9)
  2 iguanas (Lair:4)
  4 sheep (Lair:6)
  2 adders
  A giant newt (D:6)
35 creatures vanquished.

Vanquished Creatures (others)
  A black mamba (Lair:1)
  An elephant (Lair:4)
  A torpor snail (Lair:6)
  A boulder beetle (Lair:6)
  A basilisk (Lair:4)
  A deep elf fighter (D:9)
  3 slaves (D:9)
  A black bear (D:8)
  A giant frog (D:8)
  A water moccasin zombie (Ossuary)
  An orc wizard (D:9)
  A centaur skeleton (D:9)
  A worker ant (D:5)
  A gnoll (D:8)
  An adder (D:4)
  3 river rats
  4 orcs
  A jackal (D:9)
  A quokka (D:9)
  An orc zombie (Ossuary)
  28 fungi
  18 plants
73 creatures vanquished.

Grand Total: 463 creatures vanquished

Notes
Turn   | Place    | Note
--------------------------------------------------------------
     0 | D:1      | Kloppie the High Elf Ice Elementalist began the quest for the Orb.
     0 | D:1      | Reached XP level 1. HP: 11/11 MP: 4/4
   480 | D:1      | Reached XP level 2. HP: 13/17 MP: 4/6
   488 | D:1      | Learned a level 2 spell: Throw Frost
  1087 | D:2      | Reached XP level 3. HP: 21/21 MP: 4/7
  1392 | D:2      | Learned a level 3 spell: Ozocubu's Armour
  1621 | D:2      | Reached XP level 4. HP: 27/27 MP: 8/8
  2015 | D:3      | Reached skill level 4 in Ice Magic
  2535 | D:3      | Reached XP level 5. HP: 28/31 MP: 6/9
  2722 | D:3      | Noticed a sky beast
  3207 | D:4      | Noticed Crazy Yiuf
  3214 | D:4      | Killed Crazy Yiuf
  3353 | D:4      | Noticed a phantom
  3375 | D:4      | Found a glowing silver altar of Zin.
  3411 | D:4      | Found a sand-covered staircase.
  3419 | Ossuary  | Entered an ossuary
  3536 | Ossuary  | Reached XP level 6. HP: 25/36 MP: 10/10
  3810 | Ossuary  | Reached skill level 5 in Ice Magic
  3844 | Ossuary  | Reached skill level 5 in Dodging
  4230 | D:4      | Noticed Sigmund
  4340 | D:4      | Reached XP level 7. HP: 35/41 MP: 11/11
  4346 | D:4      | Learned a level 4 spell: Summon Ice Beast
  4960 | D:4      | Found a staircase to the Ecumenical Temple.
  5083 | D:4      | Found a white marble altar of Elyvilon.
  5089 | Temple   | Entered the Ecumenical Temple
  5539 | D:5      | Entered Level 5 of the Dungeon
  5552 | D:5      | Reached skill level 1 in Staves
  5552 | D:5      | Reached skill level 1 in Summonings
  5812 | D:5      | Found a radiant altar of Vehumet.
  5821 | D:5      | Became a worshipper of Vehumet
  5974 | D:5      | Found Voetavvixt's Food Boutique.
  6285 | D:5      | Reached skill level 6 in Ice Magic
  6638 | D:6      | Reached XP level 8. HP: 38/46 MP: 12/12
  6929 | D:5      | Reached * piety under Vehumet
  6929 | D:5      | Offered knowledge of Sting by Vehumet.
  7435 | D:6      | Found a blossoming altar of Fedhas.
  7447 | D:6      | Noticed Edmund
  7463 | D:6      | Killed Edmund
  7676 | D:6      | Reached skill level 7 in Ice Magic
  7680 | D:6      | Learned a level 1 spell: Sting
  7726 | D:6      | Got a polished helmet
  7728 | D:6      | Identified a scroll of acquirement
  7767 | D:7      | Noticed Menkaure
  7789 | D:7      | Noticed Ohli's ghost (novice DsBe)
  7911 | D:7      | Noticed Duvessa
  8455 | D:7      | Noticed Dowan
  8456 | D:7      | Killed Menkaure
  8465 | D:7      | Killed Duvessa
  8469 | D:7      | Killed Dowan
  8623 | D:6      | Reached skill level 5 in Staves
  8623 | D:6      | Reached XP level 9. HP: 33/51 MP: 13/13
  8915 | D:8      | Got a glittering tin ring
  8957 | D:8      | Identified the +3 helmet of Dim Light {-Cast +Blink rN+++ Str+2} (You found it on level 6 of the Dungeon)
  9080 | D:8      | Reached skill level 5 in Summonings
  9236 | D:8      | Identified the ring "Zyphuo Rerph" {rN+ Str+3} (You found it on level 8 of the Dungeon)
  9249 | D:8      | Reached skill level 8 in Ice Magic
  9400 | D:8      | Reached skill level 1 in Fighting
  9937 | D:8      | Reached ** piety under Vehumet
  9940 | D:8      | Offered knowledge of Magic Dart by Vehumet.
 10309 | D:9      | Noticed Pikel
 10322 | D:9      | Killed Pikel
 10337 | D:9      | Found Unulag's Book Boutique.
 10388 | D:9      | Found a shadowy altar of Dithmenos.
 10388 | D:9      | Found a stormy altar of Qazlal.
 10425 | D:9      | Found Pogeghak's Weapon Shop.
 10496 | D:9      | Reached skill level 9 in Ice Magic
 10547 | D:9      | Found a staircase to the Orcish Mines.
 10690 | D:9      | Found Inkoig's Food Emporium.
 10701 | D:9      | Found Eshuwath's Distillery.
 10703 | D:9      | Reached XP level 10. HP: 63/63 MP: 14/14
 10720 | D:9      | Bought a potion of degeneration for 15 gold pieces
 10720 | D:9      | Bought a potion of curing for 45 gold pieces
 10720 | D:9      | Bought 2 potions of heal wounds for 150 gold pieces
 11024 | D:9      | Found a staircase to the Lair.
 11048 | D:9      | Found Giarhog's Food Boutique.
 11101 | D:9      | Found a deep blue altar of Sif Muna.
 11295 | D:9      | Offered knowledge of Stone Arrow by Vehumet.
 11467 | Lair:1   | Entered Level 1 of the Lair of Beasts
 11571 | Lair:1   | Noticed a black mamba
 11580 | Lair:1   | Banished a black mamba
 11731 | Lair:1   | Learned a level 4 spell: Throw Icicle
 12218 | Lair:1   | Reached skill level 10 in Ice Magic
 12238 | Lair:1   | Reached skill level 5 in Spellcasting
 12376 | Lair:1   | Learned a level 4 spell: Condensation Shield
 12624 | Lair:1   | Reached skill level 5 in Fighting
 12629 | Lair:1   | HP: 2/66 [wolf (5)]
 13027 | Lair:1   | Found an opulent altar of Gozag.
 13496 | Lair:2   | Reached XP level 11. HP: 72/72 MP: 19/19
 13536 | Lair:2   | Noticed a black mamba
 13543 | Lair:2   | Killed a black mamba
 13554 | Lair:2   | Reached *** piety under Vehumet
 13792 | Lair:2   | Noticed Nergalle
 13951 | Lair:3   | Found a labyrinth entrance.
 13968 | Lab      | Entered a labyrinth
 15179 | Lab      | Noticed a minotaur
 15207 | Lab      | Killed a minotaur
 15207 | Lab      | Reached skill level 11 in Ice Magic
 15235 | Lab      | Got an ancient zirconium amulet
 15236 | Lab      | Identified the amulet "Ziyqocw" {Faith rN++ Str-5} (You took it off a minotaur in a labyrinth)
 15877 | Lair:3   | Found an iron altar of Okawaru.
 16168 | Lair:3   | HP: 2/74 [blink frog (6)]
 16176 | Lair:3   | Reached skill level 5 in Conjurations
 17099 | Lair:4   | Offered knowledge of Mephitic Cloud by Vehumet.
 17349 | Lair:4   | Found a staircase to the Swamp.
 18022 | Lair:1   | Reached **** piety under Vehumet
 18351 | Lair:4   | Reached XP level 12. HP: 82/82 MP: 20/20
 18401 | Lair:4   | Offered knowledge of Sticky Flame by Vehumet.
 18481 | Lair:4   | Found a staircase to the Snake Pit.
 18889 | Lair:5   | Noticed Zeloya's ghost (journeyman KoAs)
 19500 | Lair:5   | Reached skill level 10 in Dodging
 20085 | Lair:5   | Reached skill level 12 in Ice Magic
 20180 | Lair:5   | Noticed Rupert
 20443 | Lair:6   | Found a viscous altar of Jiyva.
 20448 | Lair:6   | Found a staircase to the Slime Pits.
 20832 | Lair:6   | Gained mutation: You are partially covered in iridescent scales (AC +4). [potion of beneficial mutation]
 20850 | Lair:6   | Reached ***** piety under Vehumet
 21789 | Lair:6   | Reached skill level 10 in Fighting
 21839 | Lair:5   | Offered knowledge of Freezing Cloud by Vehumet.
 22175 | Lair:5   | Reached XP level 13. HP: 92/92 MP: 21/22
 22417 | Lair:5   | Noticed an eight-headed hydra
 22422 | Lair:5   | Killed an eight-headed hydra
 22913 | Lair:6   | Learned a level 6 spell: Freezing Cloud
 23310 | Lair:7   | Noticed Snorg
 23326 | Lair:7   | Mangled by Snorg

Action                   |  1- 3 |  4- 6 |  7- 9 | 10-12 | 13-15 || total
-------------------------+-------+-------+-------+-------+-------++-------
Melee: Mace              |    27 |       |       |       |       ||    27
       Quarterstaff      |     7 |   140 |   288 |   323 |    12 ||   770
 Cast: Freeze            |    44 |    29 |    18 |    64 |       ||   155
       Throw Frost       |     1 |     6 |    59 |   315 |    35 ||   416
       Ozocubu's Armour  |       |     2 |     8 |    14 |     1 ||    25
       Summon Ice Beast  |       |       |    17 |    48 |       ||    65
       Sting             |       |       |     7 |     2 |       ||     9
       Throw Icicle      |       |       |       |   112 |    36 ||   148
       Condensation Shie |       |       |       |     1 |       ||     1
  Use: Scroll            |       |       |    17 |    11 |       ||    28
       Potion            |       |       |       |     3 |       ||     3
 Stab: Sleeping          |     3 |     4 |     2 |     1 |       ||    10
       Distracted        |       |       |     3 |     1 |       ||     4
  Eat: Chunk             |     2 |     5 |    25 |    40 |     6 ||    78
       Beef jerky        |       |     1 |       |     2 |       ||     3
       Bread ration      |       |     1 |       |     2 |       ||     3
       Pizza             |       |       |     1 |     1 |     1 ||     3
       Fruit             |       |       |       |     7 |       ||     7
       Meat ration       |       |       |       |     2 |       ||     2
